 Dungeon Crawl Stone Soup version 0.29.1-13-g9f3cf754e1 (webtiles) character file.

Game seed: 16829921592126503708

56207 booth the Severer (level 14, -1/130 HPs)
             Began as a Minotaur Fighter on Feb 8, 2023.
             Was the Champion of Okawaru.
             Slain by a polar bear (16 damage)
             ... on level 5 of the Lair of Beasts on Feb 10, 2023.
             The game lasted 02:39:11 (23220 turns).

booth the Severer (Minotaur Fighter)               Turns: 23220, Time: 02:39:11

Health: -1/130     AC: 15    Str: 27    XL:     14   Next: 41%
Magic:  12/13      EV: 10    Int:  7    God:    Okawaru [******]
Gold:   1257       SH:  7    Dex: 13    Spells: 13/13 levels left

rFire   + . .      SeeInvis .   x - +5 mace of Salt {venom, rF+ rC- Str+6 Int+2}
rCold   + . .      Faith    .   J - +0 buckler {rC+}
rNeg    + . .      Spirit   .   P - +0 swamp dragon scales
rPois   +          Reflect  .   D - +1 hat {Stlth+}
rElec   .          Harm     .   r - +1 cloak
rCorr   .          Rampage  .   (no gloves)
Will    +....                   C - +1 pair of boots
Stlth   ++........              (no amulet)
HPRegen 0.31/turn               L - ring of protection from cold
MPRegen 0.13/turn               e - ring of positive energy

@: about to teleport, corroded, studying Shields
A: horns 2, retaliatory headbutt, iridescent scales 1, weak 1
a: Renounce Religion, Heroism, Finesse, Duel


You were on level 5 of the Lair of Beasts.
You worshipped Okawaru.
Okawaru was exalted by your worship.
You visited 3 branches of the dungeon, and saw 17 of its levels.
You also visited: Bailey.

You collected 1257 gold pieces.

Inventory:

Hand Weapons
 a - a +5 war axe
 q - a +0 morningstar of flaming
 x - the +5 mace of Salt (weapon) {venom, rF+ rC- Str+6 Int+2}
   (You found it on level 5 of the Dungeon)

   It poisons the flesh of those it strikes.
   Str:       It affects your strength (+6).
   Int:       It affects your intelligence (+2).
   rF:        It protects you from fire.
   rC:        It makes you vulnerable to cold.
 E - the +6 glaive of Accord {vorpal, rF+ Will+ SInv}
   (You found it in a bailey)

   It inflicts extra damage upon your enemies.
   rF:        It protects you from fire.
   SInv:      It lets you see invisible.
   Will:      It increases your willpower.
 R - a +1 battleaxe of freezing
 W - a +0 broad axe of electrocution
Missiles
 g - 2 throwing nets
 h - 26 poisoned darts (quivered)
 w - 6 javelins
 y - 2 boomerangs
 Q - 2 boomerangs of dispersal
Armour
 r - a +1 cloak (worn)
 C - a +1 pair of boots (worn)
 D - a +1 hat of stealth (worn)
 G - a +1 ring mail of fire resistance
 H - a +1 scale mail of positive energy
 J - a +0 buckler of cold resistance (worn)
 K - +0 acid dragon scales
 P - +0 swamp dragon scales (worn)
 T - a +1 pair of gloves of infusion
Jewellery
 e - a ring of positive energy (right hand)
 j - an amulet of faith
 s - the ring of Impatience {*Slow rPois Int+7 Stlth+}
   (You found it on level 10 of the Dungeon)

   [ring of poison resistance]

   Int:       It affects your intelligence (+7).
   rPois:     It protects you from poison.
   *Slow:     It may slow you when you take damage.
   Stlth:     It makes you more stealthy.
 t - a +4 ring of evasion
 u - a +4 ring of evasion
 L - a ring of protection from cold (left hand)
 V - a +6 ring of strength
Wands
 b - a wand of flame (2)
 c - a wand of iceblast (7)
 A - a wand of polymorph (3)
 N - a wand of acid (4)
Scrolls
 f - a scroll of teleportation
 i - 2 scrolls of butterflies
 n - 3 scrolls of fear
 o - 2 scrolls of amnesia
 p - 4 scrolls of immolation
 S - 2 scrolls of identify
Potions
 d - 3 potions of might
 l - 5 potions of flight
 m - 2 potions of resistance
 v - 3 potions of magic
 z - a potion of lignification
 B - 4 potions of cancellation
 F - a potion of haste
 I - 5 potions of brilliance
 M - 2 potions of curing
 O - 2 potions of attraction
 U - a potion of berserk rage {unknown}
Miscellaneous
 k - a box of beasts


   Skills:
 - Level 13.8 Fighting
 - Level 17.2(18.8) Axes
 + Level 13.0(16.8) Maces & Flails
 + Level 14.4 Armour
 + Level 14.4 Shields


You had 13 spell levels left.
You didn't know any spells.
Your spell library contained the following spells:

 Spells                   Type           Power      Damage    Failure   Level
 Beastly Appendage        Tmut           0%         N/A       56%         1
 Foxfire                  Conj/Fire      0%         2x1d4     56%         1
 Freeze                   Ice            0%         1d3       56%         1
 Magic Dart               Conj           0%         1d3       56%         1
 Necrotise                Necr           0%         1d4       56%         1
 Slow                     Hex            0%         N/A       56%         1
 Ensorcelled Hibernation  Hex/Ice        0%         N/A       71%         2
 Passwall                 Tmut/Erth      0%         N/A       71%         2
 Scorch                   Fire           0%         2d5       71%         2
 Searing Ray              Conj           0%         2d4       71%         2
 Wereblood                Tmut           0%         N/A       71%         2
 Confusing Touch          Hex            0%         N/A       91%         3
 Conjure Flame            Conj/Fire      0%         6-21      91%         3
 Frozen Ramparts          Ice            0%         1d1       91%         3
 Ignite Poison            Fire/Tmut/Pois 0%         N/A       91%         3
 Inner Flame              Hex/Fire       0%         N/A       91%         3
 Mephitic Cloud           Conj/Pois/Air  0%         N/A       91%         3
 Ozocubu's Armour         Ice            0%         N/A       91%         3
 Portal Projectile        Hex/Tloc       0%         N/A       91%         3
 Spider Form              Tmut/Pois      0%         N/A       91%         3
 Swiftness                Air            0%         N/A       91%         3
 Vampiric Draining        Necr           0%         2d6       91%         3
 Flame Wave               Conj/Fire      0%         2d4       100%        4
 Fulminant Prism          Conj/Hex       0%         3d6       100%        4
 Hailstorm                Conj/Ice       0%         3d3       100%        4
 Sticky Flame             Conj/Fire      0%         2d3       100%        4
 Agony                    Necr           0%         N/A       100%        5
 Blade Hands              Tmut           0%         N/A       100%        5
 Fireball                 Conj/Fire      0%         3d3       100%        5
 Freezing Cloud           Conj/Ice/Air   0%         6-21      100%        5
 Conjure Ball Lightning   Conj/Air       0%         3x3d6     100%        6
 Ozocubu's Refrigeration  Ice            0%         4d7       100%        7
 Death's Door             Necr           0%         N/A       100%        9
 Tukima's Dance           Hex            Unusable   N/A       N/A         3
 Summon Cactus Giant      Summ           Unusable   N/A       N/A         6

Dungeon Overview and Level Annotations

Branches:
Dungeon (11/15)            Temple (1/1) D:6            Lair (5/5) D:10
 Shoals (0/4) Lair:2        Snake (0/4) Lair:3       Bailey (visited)
  Slime: Lair:4-5       Orc: D:9-12

Altars:
Ashenzari
Dithmenos
Fedhas
Hepliaklqana
Makhleb
Okawaru
Qazlal
Ru
Trog
Vehumet
Wu Jian
Yredelemnul
Zin
The Shining One

Annotations:
D:10 2 transporters, SirLogeyBear's ghost, journeyman HOBe


Innate Abilities, Weirdness & Mutations

You have a pair of horns on your head.
You reflexively headbutt those who attack you in melee.
You are partially covered in iridescent scales. (AC +2)
You are weak. (Str -2)


Message History

You headbutt the elephant, but do no damage.
The elephant trunk-slaps you but does no damage.
You hit the polar bear.
The polar bear looks as sick as possible!
You headbutt the polar bear.
The polar bear is almost dead.
The goliath frog hits you from afar!
* * * LOW HITPOINT WARNING * * *
The acid corrodes you!
You are splashed with acid!
* * * LOW HITPOINT WARNING * * *
The polar bear bites you but does no damage.
The polar bear closely misses you. You block the polar bear's attack.
Okay, then.
As you read the scroll of fear, it crumbles to dust.
You assume a fearsome visage.
The goliath frog looks frightened!
The cane toad looks frightened!
The elephant looks frightened! x2
The elephant resists with some effort.
The elephant resists with almost no effort.
The elephant looks frightened!
The polar bear is unaffected.
The polar bear bites you but does no damage.
You block the polar bear's attack. x2
As you read the scroll of teleportation, it crumbles to dust.
You feel strangely unstable.
You feel like a meek peon again. The polar bear bites you!
* * * LOW HITPOINT WARNING * * *
The polar bear claws you.
* * * LOW HITPOINT WARNING * * *
The polar bear claws you.
* * * LOW HITPOINT WARNING * * *
You block the elephant's attack.
The elephant trunk-slaps you but does no damage.
You block the polar bear's attack. The polar bear barely misses you.
The polar bear claws you but does no damage.
Okay, then.
You feel better. The elephant barely misses you. You furiously retaliate!
You headbutt the elephant, but do no damage.
The elephant trunk-slaps you but does no damage.
The polar bear bites you!
You die...

#####..†.
###.#.....†
#.........#
####..#......
#.#.##.......
##....#.#.....
##.....#.......
####...###...#....
#@hY..P..#....#...
##Y...F...#.###[.#
#(........## #.
#..Y....#.#
.Y.yF...........#
.#...y...YF.....#
#......Y#.......
...~..~~.~####.#.
~....~~.~..


You could see 5 elephants, a polar bear (berserk, extremely poisoned), a goliath
frog (fleeing) and a cane toad (fleeing).

Vanquished Creatures
  2 boulder beetles
  8 hydras
  Fannar (D:10)
  13 death yaks
  A tengu warrior (D:9)
  Nergalle (Lair:1)
  A fire crab (Lair:3)
  A lindwurm (Lair:3)
  11 elephants
  Maurice (D:11)
  7 black mambas
  A gargoyle (Bailey)
  Maggie (Lair:1)
  2 torpor snails
  An efreet (D:10)
  4 rime drakes
  16 cane toads
  7 komodo dragons
  Psyche (D:9)
  2 trolls
  2 polar bears
  21 blink frogs
  3 dream sheep (Lair:3)
  2 vampires
  6 wyverns
  8 basilisks
  Grum (Lair:1)
  A steam dragon (D:9)
  36 yaks
  7 vampire mosquitoes
  2 nagas (Lair:3)
  3 acid dragons
  34 water moccasins
  A swamp drake (Lair:2)
  2 orc warriors
  2 ice beasts (D:5)
  4 black bears
  2 ogres
  16 wolves
  10 centaurs
  A phantom (D:4)
  2 kobold brigands
  5 scorpions
  10 bullfrogs
  2 necrophages (D:5)
  4 wights (D:7)
  6 vampire bats (Bailey)
  3 howler monkeys
  6 wolf zombies (Bailey)
  A jelly (D:5)
  6 orc priests
  2 gnoll boudas
  3 hounds
  4 iguanas
  Crazy Yiuf (D:2)
  Ijyb (D:5)
  20 orc wizards
  2 human simulacra (D:11)
  Robin (D:2)
  7 gnolls
  23 adders
  A white imp (D:7)
  2 worms
  3 dart slugs
  32 orcs
  3 ball pythons
  8 bats
  6 endoplasms
  2 giant cockroaches
  7 goblins
  9 hobgoblins
  5 jackals
  18 kobolds
  8 quokkas
  4 frilled lizards (D:1)
  22 orc zombies (Bailey)
  5 rats
490 creatures vanquished.

Vanquished Creatures (others)
  42 fungi
  156 plants
198 creatures vanquished.

Grand Total: 688 creatures vanquished

Notes
Turn   | Place    | Note
-------+----------+-------------------------------------------
     0 | D:1      | booth the Minotaur Fighter began the quest for the Orb.
     0 | D:1      | Reached XP level 1. HP: 19/19 MP: 0/0
   127 | D:1      | Reached XP level 2. HP: 26/27 MP: 1/1
   188 | D:1      | Reached skill level 3 in Axes
   416 | D:1      | Found a faded altar of an unknown god.
   725 | D:2      | Reached XP level 3. HP: 33/33 MP: 2/2
  1071 | D:2      | Found a runed translucent door.
  1072 | D:2      | Noticed Crazy Yiuf
  1080 | D:2      | Killed Crazy Yiuf
  1081 | D:2      | Reached XP level 4. HP: 23/40 MP: 3/3
  1372 | D:2      | Noticed Robin
  1384 | D:2      | Killed Robin
  1479 | D:2      | Reached skill level 4 in Axes
  1966 | D:2      | Gained mutation: You are partially covered in iridescent
                  | scales. (AC +2) [potion of mutation]
  1966 | D:2      | Gained mutation: You are weak. (Str -2) [potion of
                  | mutation]
  2102 | D:3      | Found a burning altar of Makhleb.
  2654 | D:4      | Noticed a phantom
  2663 | D:4      | Killed a phantom
  2664 | D:4      | Reached XP level 5. HP: 38/47 MP: 4/4
  2673 | D:4      | Reached skill level 5 in Axes
  2693 | D:4      | Reached XP level 6. HP: 30/55 MP: 5/5
  2925 | D:4      | Reached skill level 5 in Fighting
  2925 | D:4      | Reached skill level 5 in Shields
  2984 | D:4      | Reached skill level 5 in Armour
  3399 | D:4      | Found an ornate altar of the Wu Jian Council.
  3405 | D:4      | Noticed a spectral centipede
  3405 | D:4      | Noticed a spectral black mamba
  3405 | D:4      | Noticed a spectral cane toad
  3550 | D:5      | Entered Level 5 of the Dungeon
  3620 | D:5      | Identified the +5 mace of Salt {venom, rF+ rC- Str+6 Int+2}
  3653 | D:5      | Reached skill level 6 in Axes
  3681 | D:5      | Reached XP level 7. HP: 61/61 MP: 6/6
  3742 | D:5      | Reached skill level 7 in Axes
  4104 | D:5      | HP: 3/63 [ice beast (14)]
  4106 | D:5      | Reached XP level 8. HP: 4/71 MP: 7/7
  4705 | D:5      | Noticed Ijyb
  4723 | D:5      | Reached skill level 8 in Axes
  4741 | D:5      | Killed Ijyb
  5587 | D:6      | Found a staircase to the Ecumenical Temple.
  5596 | Temple   | Entered the Ecumenical Temple
  5622 | Temple   | Became a worshipper of Warmaster Okawaru
  6060 | D:6      | Found a bloodstained altar of Trog.
  6088 | D:6      | Reached skill level 9 in Axes
  7157 | D:7      | Reached * piety under Okawaru
  7160 | D:7      | Reached XP level 9. HP: 77/80 MP: 8/8
  7162 | D:7      | Reached skill level 10 in Axes
  7340 | D:7      | Reached ** piety under Okawaru
  7608 | D:7      | Reached skill level 11 in Axes
  7645 | D:7      | Found a radiant altar of Vehumet.
  7901 | D:8      | Found a flagged portal.
  8556 | Bailey   | Entered a bailey
  8857 | Bailey   | Identified the +6 glaive of Accord {vorpal, rF+ Will+ SInv}
  8976 | Bailey   | Noticed a gargoyle
  8991 | Bailey   | Killed a gargoyle
  8992 | Bailey   | Reached skill level 12 in Axes
  8992 | Bailey   | Reached XP level 10. HP: 8/91 MP: 6/9
  9990 | D:9      | Noticed a tengu warrior
  9996 | D:9      | Reached *** piety under Okawaru
 10006 | D:9      | Killed a tengu warrior
 10007 | D:9      | Reached skill level 13 in Axes
 10203 | D:9      | Noticed Psyche
 10214 | D:9      | Killed Psyche
 10214 | D:9      | Reached **** piety under Okawaru
 10215 | D:9      | Reached skill level 10 in Armour
 10308 | D:9      | Reached skill level 10 in Fighting
 11042 | D:9      | Reached skill level 14 in Axes
 11318 | D:9      | Reached XP level 11. HP: 86/101 MP: 7/10
 11328 | D:9      | Reached ***** piety under Okawaru
 11773 | D:10     | Entered Level 10 of the Dungeon
 11946 | D:10     | Noticed Fannar
 11967 | D:10     | Killed Fannar
 12090 | D:10     | Identified the ring of Impatience {*Slow rPois Int+7
                  | Stlth+}
 12292 | D:10     | Received a gift from Okawaru
 12553 | D:10     | Reached skill level 15 in Axes
 12604 | D:10     | Found a staircase to the Lair.
 12797 | D:10     | Found a hazy altar of Hepliaklqana.
 12802 | D:10     | Found a sacrificial altar of Ru.
 12932 | D:10     | Noticed SirLogeyBear's ghost (journeyman HOBe)
 12972 | D:10     | Found a transporter.
 12989 | D:10     | Found a transporter.
 13159 | D:11     | Noticed a boulder beetle
 13174 | D:11     | Killed a boulder beetle
 13285 | D:11     | Noticed Maurice
 13303 | D:11     | Killed Maurice
 13967 | Lair:1   | Entered Level 1 of the Lair of Beasts
 13971 | D:10     | Identified a scroll of acquirement
 14039 | D:10     | Acquired a manual of Shields
 14046 | Lair:1   | Noticed a six-headed hydra
 14060 | Lair:1   | Killed a six-headed hydra
 14061 | Lair:1   | Reached skill level 1 in Maces & Flails
 14380 | Lair:1   | Received a gift from Okawaru
 14410 | Lair:1   | Reached XP level 12. HP: 33/112 MP: 8/11
 14782 | Lair:1   | Noticed Nergalle
 14798 | Lair:1   | Killed Nergalle
 14799 | Lair:1   | Reached skill level 16 in Axes
 14991 | Lair:1   | Noticed Grum
 15000 | Lair:1   | Killed Grum
 15002 | Lair:1   | Reached skill level 5 in Maces & Flails
 15445 | Lair:1   | Noticed an eight-headed hydra
 15448 | Lair:1   | Noticed Maggie
 15459 | Lair:1   | Killed an eight-headed hydra
 15464 | Lair:1   | Killed Maggie
 15708 | Lair:1   | Noticed a seven-headed hydra
 15717 | Lair:1   | Killed a seven-headed hydra
 16225 | Lair:2   | Noticed an eight-headed hydra
 16248 | Lair:2   | Killed an eight-headed hydra
 17064 | Lair:2   | Got the Tome of Energetic Blasphemous Liturgies
 17111 | Lair:2   | Noticed an eight-headed hydra
 17131 | Lair:2   | Killed an eight-headed hydra
 17275 | Lair:2   | Noticed a boulder beetle
 17299 | Lair:2   | Killed a boulder beetle
 17368 | Lair:2   | Noticed a six-headed hydra
 17379 | Lair:2   | Killed a six-headed hydra
 17379 | Lair:2   | Reached ****** piety under Okawaru
 17380 | Lair:2   | Reached XP level 13. HP: 76/122 MP: 12/12
 17663 | Lair:2   | Reached skill level 10 in Shields
 18028 | Lair:2   | Found a staircase to the Shoals.
 19081 | Lair:3   | Received a gift from Okawaru
 19475 | Lair:3   | Reached skill level 17 in Axes
 20739 | Lair:3   | Found a staircase to the Snake Pit.
 21232 | Lair:4   | Reached skill level 10 in Maces & Flails
 21764 | Lair:4   | Reached XP level 14. HP: 130/130 MP: 9/13
 22713 | Lair:5   | Entered Level 5 of the Lair of Beasts
 23170 | Lair:5   | Received a gift from Okawaru
 23220 | Lair:5   | Slain by a polar bear

Illustrated notes

Levels and vault maps discovered:
D:1:      psy_arrival_whirlpool, layout_rooms, basic_ecumenical_altar,
          minmay_hexomino_u4
D:2:      layout_loops_corners, minmay_misc_feat_four_crosses,
          hangedman_decor_diamond_cutter, minmay_randomly_rotated_circles,
          uniq_robin, uniq_crazy_yiuf_cottage
D:3:      layout_rooms, bloody_makhleb, serial_aquarium, aquarium_bridge_square
          [aquarium_subvault_window, aquarium_subvault_window,
          aquarium_subvault_bridge, aquarium_subvault_bridge],
          aquarium_window_1, aquarium_window_2, aquarium_view_2c,
          aquarium_view_2d, aquarium_pool_2
D:4:      layout_rooms, pdpol_wu_jian_five_deadly_venoms
D:5:      layout_loops_ring, hangedman_abyss_or_decor_slice, minivault_23,
          uniq_ijyb
D:6:      nicolae_cairo_tiling_very_big, layout_loops_corners,
          trog_butcher_becter, minmay_temple_entry_antechambers,
          lightli_orcish_oven
D:7:      layout_basic, marbit_many_paths
D:8:      layout_loops_cross, enter_bailey_2
D:9:      layout_irregular_city, uniq_psyche
D:10:     layout_loops_cross, minitemple, minmay_lair_entry_grove,
          gammafunk_ghost_abyssal_escape, uniq_fannar
D:11:     layout_loops_cross, bh_circular_ruins, uniq_maurice
Temple:   eino_temple_scatter_basement
Lair:1:   layout_roguey, serial_bayou_shore_b, uniq_nergalle, uniq_maggie,
          uniq_grum
Lair:2:   lemuel_reptile_caves, layout_cave_pods, minmay_shoals_entry_centaurs,
          minmay_lindwurm_lava
Lair:3:   nzn_winding_woodlands_large [nzn_winding_woodlands_5x5_closed_star,
          nzn_winding_woodlands_5x15_pathside_ponds,
          nzn_winding_woodlands_hourglass,
          nzn_winding_woodlands_center_pierced_h,
          nzn_winding_woodlands_15x15_killbox,
          nzn_winding_woodlands_center_garden, nzn_winding_woodlands_5x5_cross,
          nzn_winding_woodlands_5x15_pockets,
          nzn_winding_woodlands_5x5_open_star], layout_regular_city,
          guppyfry_snake_entry_island
Lair:4:   layout_roguey, infiniplex_staircase_pool_2
Lair:5:   minmay_lair_end_frog_pond, layout_layer_cave, slime_entry_1

Skill      XL: |  1  2  3  4  5  6  7  8  9 10 11 12 13 14 |
---------------+-------------------------------------------+-----
Axes           | 3 4 5 6 7 9 12 14 15 16 17 | 17.2
Fighting       | 4 5 6 7 9 10 12 13 | 13.8
Shields        | 4 5 6 9 13 14 | 14.4
Armour         | 4 5 6 7 9 10 12 13 14 | 14.4
Maces & Flails | 3 8 10 13 | 13.0

Action                   |  1- 3 |  4- 6 |  7- 9 | 10-12 | 13-15 || total
-------------------------+-------+-------+-------+-------+-------++-------
Melee: War axe           |    66 |   101 |   328 |   134 |       ||   629
       Headbutt          |    12 |    15 |    58 |   130 |   165 ||   380
       Unarmed           |       |       |    13 |       |       ||    13
       Mace              |       |       |       |   451 |   546 ||   997
       Morningstar       |       |       |       |     6 |       ||     6
Throw: Javelin           |       |     1 |       |       |       ||     1
       Dart              |       |       |    16 |     7 |     9 ||    32
Invok: Heroism           |       |       |     1 |    24 |    22 ||    47
       Finesse           |       |       |       |     4 |     3 ||     7
Evoke: Wand              |       |       |       |       |     5 ||     5
  Use: Scroll            |       |    10 |     5 |     6 |     2 ||    23
       Potion            |       |     4 |     3 |     5 |     5 ||    17
 Stab: Sleeping          |       |       |       |       |     1 ||     1
Armor: Scale mail        |    34 |    39 |   157 |    61 |       ||   291
       Skin              |       |       |    22 |       |       ||    22
       Acid dragon scale |       |       |       |   139 |       ||   139
       Swamp dragon scal |       |       |       |   130 |   225 ||   355
Dodge: Dodged            |    38 |    51 |   135 |   354 |   225 ||   803
Block: Buckler           |    15 |    26 |    66 |   177 |   168 ||   452
